 Dungeon Crawl Stone Soup version 0.21-a0-331-gfb491b4 (webtiles) character file.

86 Amnesiac the Destroyer (level 4, -6/32 HPs)
             Began as a Gnoll Conjurer on Oct 3, 2017.
             Killed from afar by an orc wizard (10 damage)
             ... with a puff of flame
             ... on level 2 of the Dungeon.
             The game lasted 00:01:53 (1366 turns).

Amnesiac the Destroyer (Gnoll Conjurer)             Turns: 1366, Time: 00:01:53

Health: -6/32      AC:  2    Str: 10    XL:     4   Next: 49%
Magic:  3/11       EV: 15    Int: 19    God:
Gold:   86         SH:  0    Dex: 15    Spells: 8/13 levels left

rFire    . . .     SeeInvis .     - Unarmed
rCold    . . .     Gourm    .   (no shield)
rNeg     . . .     Faith    .   a - +0 robe
rPois    .         Spirit   .   (no helmet)
rElec    .         Reflect  .   (no cloak)
rCorr    .         Harm     .   (no gloves)
MR       .....                  (no boots)
Stlth    +++.......             (no amulet)
HPRegen  0.10/turn              (no ring)
MPRegen  0.12/turn              (no ring)

@: no status effects
A: distributed training, fangs 1, strong nose
a: no special abilities


You were on level 2 of the Dungeon.
You were hungry.

You visited 1 branch of the dungeon, and saw 3 of its levels.

You collected 86 gold pieces.

Inventory:

Armour
 a - a +0 robe (worn)
Jewellery
 m - a cursed -3 ring of evasion {unknown}
Scrolls
 d - 2 scrolls of identify {!r, unknown}
 h - a scroll of teleportation {!r, unknown}
 l - a scroll of recharging {!r, unknown}
Potions
 e - a potion of magic {!q, unknown}
 f - a potion of heal wounds {!q, unknown}
 g - a potion of agility {!q, unknown}
 i - a potion of lignification {!q, unknown}
 j - a potion of curing {!q, unknown}
 k - a potion of degeneration {!q, unknown}
 o - a potion of might {!q, unknown}
Books
 b - a book of Conjurations

   Spells                             Type                      Level
   a - Magic Dart                     Conjuration                  1
   b - Searing Ray                    Conjuration                  2
   c - Dazzling Spray                 Conjuration/Hexes            3
   d - Fulminant Prism                Conjuration/Hexes            4
   e - Force Lance                    Conjuration/Translocation    4
   f - Iskenderun's Mystic Blast      Conjuration                  4
Comestibles
 c - a bread ration
 n - 2 chunks of flesh


   Skills:
 + Level 1.1 Fighting
 + Level 1.1 Short Blades
 + Level 1.1 Long Blades
 + Level 1.1 Axes
 + Level 1.1 Maces & Flails
 + Level 1.1 Polearms
 + Level 1.1 Staves
 + Level 1.1 Slings
 + Level 1.1 Bows
 + Level 1.1 Crossbows
 + Level 1.1 Throwing
 + Level 1.1 Armour
 + Level 4.6 Dodging
 + Level 4.2 Stealth
   Level 0.0 Stabbing
 + Level 1.1 Shields
   Level 0.0 Traps
 + Level 1.1 Unarmed Combat
 + Level 5.1 Spellcasting
 + Level 8.5 Conjurations
 + Level 1.1 Hexes
 + Level 1.1 Charms
 + Level 1.1 Summonings
 + Level 1.1 Necromancy
 + Level 1.1 Translocations
 + Level 1.1 Transmutations
 + Level 1.1 Fire Magic
 + Level 1.1 Ice Magic
 + Level 1.1 Air Magic
 + Level 1.1 Earth Magic
 + Level 1.1 Poison Magic
 + Level 1.1 Invocations
 + Level 1.1 Evocations


You had 8 spell levels left.
You knew the following spells:

 Your Spells              Type           Power        Failure   Level  Hunger
a - Magic Dart            Conj           ####         1%          1    None
s - Fulminant Prism       Conj/Hex       ###.......   16%         4    ####...


Dungeon Overview and Level Annotations

Branches:
Dungeon (3/15)

Altars:


Innate Abilities, Weirdness & Mutations

Your experience applies equally to all skills.
You have very sharp teeth.
Your uncanny sense of smell can sniff out nearby items.


Message History

You hit the rat but do no damage. You bite the rat.
The rat is moderately wounded.
The rat closely misses you. The orc hits you with a hand axe.
The orc barely misses you.
You hit the rat.
The rat is severely wounded.
Your fulminant prism explodes!
The blast of energy engulfs the orc.
You kill the orc!
The blast of energy engulfs the orc.
You kill the orc!
The blast of energy engulfs the orc.
You kill the orc!
The rat bites you.
You hear a shout! x3; You hear an angry hiss. x2; You hear a shout!
An orc wizard comes into view. It is wielding a dagger.
You barely miss the rat.
The rat is severely wounded.
The rat closely misses you.
Casting: Fulminant Prism
Confirm with . or Enter, or press ? or * to list all spells.
You don't have enough magic to cast that spell.
Unknown command.
The rat bites you but does no damage. The rat misses you.
The orc wizard casts a spell.
The orc wizard seems to speed up.
The rat bites you. The rat misses you. The orc wizard barely misses you.
An adder comes into view.
The rat barely misses you.
An orc comes into view. It is wielding a dagger.
The rat closely misses you. The orc wizard hits you with a dagger.
* * * LOW HITPOINT WARNING * * *
Things that are here:
a dagger; a leather armour; an orc corpse
There is a stone staircase leading up here.
The adder closely misses you.
The orc wizard points at you and mumbles some strange words.
The puff of frost hits you!
* * * LOW HITPOINT WARNING * * *
The rat closely misses you. The adder closely misses you.
The orc wizard misses you.
You climb upwards.
There is a stone staircase leading down here.
You see here an adder corpse.
Casting: Fulminant Prism
Confirm with . or Enter, or press ? or * to list all spells.
Okay, then.
Casting: Fulminant Prism
Confirm with . or Enter, or press ? or * to list all spells.
Aiming: Magic Dart
Press: ? - help, Shift-Dir - straight line, f - rat
Aim: a rat (severely wounded)
The magic dart hits the rat.
You kill the rat!
The orc wizard points at you and mumbles some strange words.
The magic dart hits you!
* * * LOW HITPOINT WARNING * * *
The adder closely misses you. The orc wizard closely misses you.
The orc wizard gestures at you while chanting.
The puff of flame hits you!
You die...

### #.. #.#
#######.#
#.....#.#
......oS#
#...#.#@# .
#.#.# #.#.#.#
#.....# ###.#.#
)..#<#
#####.#########
#.........####
#.#####......#


You could see an orc wizard and an adder.

Vanquished Creatures
  4 adders
  A dart slug (D:1)
  2 leopard geckos (D:1)
  4 orcs (D:3)
  A giant cockroach (D:1)
  4 goblins (D:1)
  3 hobgoblins (D:1)
  4 jackals (D:1)
  4 bats
  3 frilled lizards (D:1)
  9 kobolds
  3 rats
42 creatures vanquished.

Vanquished Creatures (others)
  2 fulminant prisms (D:3)
2 creatures vanquished.

Grand Total: 44 creatures vanquished

Notes
Turn   | Place    | Note
-------+----------+-------------------------------------------
     0 | D:1      | Amnesiac the Gnoll Conjurer began the quest for the Orb.
     0 | D:1      | Reached XP level 1. HP: 13/13 MP: 6/6
    50 | D:1      | Reached XP level 2. HP: 19/19 MP: 0/7
   479 | D:1      | Reached XP level 3. HP: 19/25 MP: 3/9
   536 | D:1      | Reached skill level 5 in Spellcasting
  1168 | D:2      | Reached skill level 1 in Fighting
  1168 | D:2      | Reached skill level 1 in Short Blades
  1168 | D:2      | Reached skill level 1 in Long Blades
  1168 | D:2      | Reached skill level 1 in Axes
  1168 | D:2      | Reached skill level 1 in Maces & Flails
  1168 | D:2      | Reached skill level 1 in Polearms
  1168 | D:2      | Reached skill level 1 in Staves
  1168 | D:2      | Reached skill level 1 in Slings
  1168 | D:2      | Reached skill level 1 in Bows
  1168 | D:2      | Reached skill level 1 in Crossbows
  1168 | D:2      | Reached skill level 1 in Throwing
  1168 | D:2      | Reached skill level 1 in Armour
  1168 | D:2      | Reached skill level 1 in Shields
  1168 | D:2      | Reached skill level 1 in Unarmed Combat
  1168 | D:2      | Reached skill level 1 in Hexes
  1168 | D:2      | Reached skill level 1 in Charms
  1168 | D:2      | Reached skill level 1 in Summonings
  1168 | D:2      | Reached skill level 1 in Necromancy
  1168 | D:2      | Reached skill level 1 in Translocations
  1168 | D:2      | Reached skill level 1 in Transmutations
  1168 | D:2      | Reached skill level 1 in Fire Magic
  1168 | D:2      | Reached skill level 1 in Ice Magic
  1168 | D:2      | Reached skill level 1 in Air Magic
  1168 | D:2      | Reached skill level 1 in Earth Magic
  1168 | D:2      | Reached skill level 1 in Poison Magic
  1168 | D:2      | Reached skill level 1 in Invocations
  1168 | D:2      | Reached skill level 1 in Evocations
  1168 | D:2      | Reached XP level 4. HP: 32/32 MP: 7/11
  1174 | D:2      | Learned a level 4 spell: Fulminant Prism
  1366 | D:2      | Killed from afar by an orc wizard

Vault maps used:
D:1:      dpeg_arrival_pits, serial_bayou_pond_b
D:2:      nicolae_overflow_crystal_walls, marbit_many_paths,
          nicolae_gozag_zags_fifth_avenue, grunt_ministairs_15, tgw_xom
D:3:      cheibrodos_greedy_goblins, amethyst_overflow_temple_binary,
          grunt_ministairs_4, uniq_natasha

Skill      XL: |  1  2  3 |
---------------+----------+-----
Spellcasting   | 5 |  5.1
Fighting       | 1 |  1.1
Short Blades   | 1 |  1.1
Long Blades    | 1 |  1.1
Axes           | 1 |  1.1
Maces & Flails | 1 |  1.1
Polearms       | 1 |  1.1
Staves         | 1 |  1.1
Slings         | 1 |  1.1
Bows           | 1 |  1.1
Crossbows      | 1 |  1.1
Throwing       | 1 |  1.1
Armour         | 1 |  1.1
Shields        | 1 |  1.1
Unarmed Combat | 1 |  1.1
Hexes          | 1 |  1.1
Charms         | 1 |  1.1
Summonings     | 1 |  1.1
Necromancy     | 1 |  1.1
Translocations | 1 |  1.1
Transmutations | 1 |  1.1
Fire Magic     | 1 |  1.1
Ice Magic      | 1 |  1.1
Air Magic      | 1 |  1.1
Earth Magic    | 1 |  1.1
Poison Magic   | 1 |  1.1
Invocations    | 1 |  1.1
Evocations     | 1 |  1.1
Dodging        | |  4.6
Stealth        | |  4.2
Conjurations   | |  8.5

Action                   |  1- 3 |  4- 6 || total
-------------------------+-------+-------++-------
Melee: Unarmed           |       |     7 ||     7
       Bite              |       |     1 ||     1
 Cast: Magic Dart        |    59 |    10 ||    69
       Fulminant Prism   |       |     2 ||     2
  Eat: Chunk             |     1 |       ||     1
Armor: Robe              |     7 |     2 ||     9
Dodge: Dodged            |    21 |    21 ||    42

Table legend:
 A = Spawn XP
 B = Non-spawn XP
 C = Spawn XP percentage of total XP
 D = Spawn monster count
 E = Non-spawn monster count
 F = Spawn count percentage of total count
 G = Total turns spent on level
                    A         B        C        D         E        F      G
               +---------+---------+-------+---------+---------+-------+---------
         Total |       0 |     123 |   0.0 |       0 |      42 |   0.0 |  1366
               +---------+---------+-------+---------+---------+-------+---------
           D:1 |       0 |      48 |   0.0 |       0 |      26 |   0.0 |   978
           D:2 |       0 |      49 |   0.0 |       0 |      10 |   0.0 |   346
           D:3 |       0 |      26 |   0.0 |       0 |       6 |   0.0 |    42
               +---------+---------+-------+---------+---------+-------+---------
